 Dungeon Crawl Stone Soup version 0.26-a0-778-g3fe0686644 (webtiles) character file.

Game seed: 1643676694917689339

187 strifetoe the Chopper (level 5, -5/45 HPs)
             Began as a Hill Orc Fighter on Nov 11, 2020.
             Killed from afar by an orc wizard (8 damage)
             ... with a magic dart
             ... on level 5 of the Dungeon.
             The game lasted 00:01:16 (1728 turns).

strifetoe the Chopper (Hill Orc Fighter)            Turns: 1728, Time: 00:01:17

Health: -5/45      AC:  6    Str: 20    XL:     5   Next: 66%
Magic:  5/5        EV:  7    Int:  8    God:
Gold:   66         SH:  9    Dex: 10    Spells: 4/4 levels left

rFire    . . .     SeeInvis .   a - +0 war axe
rCold    . . .     Faith    .   c - +0 kite shield
rNeg     . . .     Spirit   .   b - +0 scale mail
rPois    .         Reflect  .   (no helmet)
rElec    .         Harm     .   (no cloak)
rCorr    .         Rampage  .   (no gloves)
MR       .....                  (no boots)
Stlth    ..........             (no amulet)
HPRegen  0.15/turn              (no ring)
MPRegen  0.09/turn              (no ring)

@: lethally poisoned (-5 -> -9)
A: no striking features
a: no special abilities


You were on level 5 of the Dungeon.
You visited 1 branch of the dungeon, and saw 5 of its levels.

You collected 66 gold pieces.

Inventory:

Hand Weapons
 a - a +0 war axe (weapon)
Armour
 b - a +0 scale mail (worn)
 c - a +0 kite shield (worn)
Scrolls
 f - a scroll of magic mapping {unknown}
 g - a scroll of noise {unknown}
 h - 4 scrolls of teleportation {unknown}
 j - a scroll of remove curse {unknown}
Potions
 d - 2 potions of might
 e - 2 potions of attraction {unknown}
 i - 2 potions of heal wounds {unknown}


   Skills:
 - Level 3.6 Fighting
 + Level 7.5 Axes
 - Level 3.2 Armour
 - Level 3.2 Shields


You had 4 spell levels left.
You didn't know any spells.
Your spell library was empty.

Dungeon Overview and Level Annotations

Branches:
Dungeon (5/15)
 Temple: D:4-7

Altars:
Kikubaaqudgha
Vehumet

Shops:
D:5 [

Annotations:
D:3 1 runed translucent door, ArcanElement's ghost, weakling DEWz; Jessica


Message History

The orc hits you from afar with a +0 trident!
* * * LOW HITPOINT WARNING * * *
The orc wizard hits you with a +6 dagger of protection.
* * * LOW HITPOINT WARNING * * *
You block the orc wizard's attack. You block the orc's attack.
You hit the orc wizard but do no damage.
The orc wizard is moderately wounded.
You feel sick. You block the orc wizard's attack.
The orc hits you from afar with a +0 trident.
* * * LOW HITPOINT WARNING * * *
You are too injured to fight recklessly!
Your shield and scale mail prevent you from hitting the orc wizard.
The orc wizard is moderately wounded.
* * * LOW HITPOINT WARNING * * *
You feel sick.
The orc wizard hits you with a +6 dagger of protection.
* * * LOW HITPOINT WARNING * * *
The orc wizard points at you and mumbles some strange words.
The magic dart hits you!
You die...

.......... ..
.....8.... ...
.........####...
.....<..........
................
.....∩o....).#
.......o)....# #
#.8†@.....## ..
#..........# ..#
#..........#.)#
#............#
#.........##.#
########...#
#...###..#......
###...##..#######.
#...........# #...


You could see an orc wizard (fast) and an orc.

Vanquished Creatures
  Natasha (twice) (D:4)
  2 iguanas (D:4)
  A worker ant (D:4)
  An adder (D:5)
  A white imp (D:5)
  A dart slug (D:1)
  A leopard gecko (D:5)
  6 orcs
  5 giant cockroaches
  2 goblins
  2 hobgoblins (D:1)
  4 jackals (D:3)
  A quokka (D:4)
  5 bats
  3 frilled lizards
  5 kobolds
  3 rats (D:1)
45 creatures vanquished.

Notes
Turn   | Place    | Note
-------+----------+-------------------------------------------
     0 | D:1      | strifetoe the Hill Orc Fighter began the quest for the Orb.
     0 | D:1      | Reached XP level 1. HP: 19/19 MP: 1/1
    46 | D:1      | Reached skill level 3 in Axes
   135 | D:1      | Reached XP level 2. HP: 22/26 MP: 2/2
   389 | D:1      | Reached skill level 4 in Axes
   838 | D:3      | Found an ancient bone altar of Kikubaaqudgha.
   844 | D:3      | Reached XP level 3. HP: 29/31 MP: 3/3
   994 | D:3      | Found a runed translucent door.
   994 | D:3      | Noticed ArcanElement's ghost (weakling DEWz)
  1009 | D:3      | Reached skill level 5 in Axes
  1022 | D:3      | Noticed Jessica
  1049 | D:4      | Reached XP level 4. HP: 22/39 MP: 4/4
  1053 | D:4      | Reached skill level 6 in Axes
  1427 | D:4      | Reached XP level 5. HP: 29/45 MP: 5/5
  1536 | D:4      | Noticed Natasha
  1542 | D:4      | Killed Natasha
  1542 | D:4      | Reached skill level 7 in Axes
  1645 | D:4      | Noticed Natasha
  1649 | D:4      | Killed Natasha
  1655 | D:5      | Entered Level 5 of the Dungeon
  1695 | D:5      | Found a radiant altar of Vehumet.
  1708 | D:5      | Found Efyqoi's Antique Armour Shop.
  1728 | D:5      | Killed from afar by an orc wizard

Illustrated notes

Levels and vault maps discovered:
D:1:      dpeg_arrival_boxes_within_box, layout_loops_ring
D:2:      layout_loops_ring, chequers_ecumenical_altar_grove, uniq_terence
D:3:      layout_loops_ring, kiku_gazebo_garden_becter,
          hellmonk_ghost_happy_afterlife, minmay_misc_feat_diagonals,
          tgw_fedhas, uniq_jessica
D:4:      layout_loops_ring, chequers_serial_rivers_micro_a, uniq_natasha
D:5:      layout_rooms, kennysheep_little_box, lemuel_doored_altar,
          old_standard_altar, old_standard_altar, ashenzari_altar_1,
          serial_shops, shop_statue, uniq_eustachio

Skill      XL: |  1  2  3  4  5 |
---------------+----------------+-----
Axes           | 3 4 5 6 7 |  7.5
Fighting       | |  3.6
Armour         | |  3.2
Shields        | |  3.2

Action                   |  1- 3 |  4- 6 || total
-------------------------+-------+-------++-------
Melee: War axe           |    95 |    34 ||   129
Armor: Scale mail        |    56 |    17 ||    73
Dodge: Dodged            |    36 |    10 ||    46
Block: Kite shield       |    47 |    25 ||    72

Table legend: (Time is in decaauts)
 A = Elapsed time spent in this place.
 B = Non-inter-level travel time spent in this place.
 C = Inter-level travel time spent in this place.
 D = Time resting spent in this place.
 E = Time spent auto-exploring this place.
 F = Levels seen in this place.
 G = Mean time per level.
                   A        B        C        D        E       F      G
               +--------+--------+--------+--------+--------+-----+--------+
         Total |   1770 |   1651 |    119 |    442 |    901 |   5 |  354.0 |
       Dungeon |   1770 |   1651 |    119 |    442 |    901 |   5 |  354.0 |
               +--------+--------+--------+--------+--------+-----+--------+

Top non-repeatable levels by time:
     D:1: 785 daAuts
     D:4: 637 daAuts
     D:3: 226 daAuts
     D:5: 75 daAuts
     D:2: 46 daAuts
